 Dungeon Crawl Stone Soup version 0.31-a0-152-g6aa68a64a1 (webtiles) character file.

Game seed: 1582097272246635304

828 qw the Shooter (level 7, -2/66 HPs)
             Began as a Naga Hunter on June 10, 2023.
             Slain by a wight
             ... wielding a +1 trident of freezing
              (5 damage)
             ... on level 6 of the Dungeon.
             The game lasted 00:01:30 (4666 turns).

qw the Shooter (Naga Hunter)                        Turns: 4666, Time: 00:01:31

Health: -2/66      AC:  4    Str: 14    XL:     7   Next: 97%
Magic:  7/7        EV: 15    Int:  9    God:
Gold:   321        SH:  0    Dex: 16    Spells: 6/6 levels left

rFire   . . .        Y - +0 shortbow (freeze)
rCold   . . .        (shield currently unavailable)
rNeg    . . .        c - +0 leather armour
rPois   +            (no helmet)
rElec   .            (no cloak)
rCorr   .            b - +0 pair of gloves
SInv    +            (no barding)
Will    .....        p - amulet of faith
Stlth   ++           h - +5 ring of evasion
HPRegen 0.31/turn    (no ring)
MPRegen 0.10/turn

%: faith
@: brilliant, about to teleport, very slow
A: AC +2, large, see invisible, deformed body, poison resistance, slowness 2,
spit poison 1, naga tail 1
a: Spit Poison


You were on level 6 of the Dungeon.
You visited 1 branch of the dungeon, and saw 6 of its levels.

You collected 321 gold pieces.


Innate Abilities, Weirdness & Mutations

Your serpentine skin is tough. (AC +2)
You have supernaturally acute eyesight. (SInv)
Armour fits poorly on your strangely shaped body.
Your system is resistant to poisons. (rPois)
You cover ground very slowly.
You can spit poison.
You have a snake-like lower body.


   Skills:
 - Level 4.7 Fighting
 + Level 7.5 Ranged Weapons
 - Level 2.2 Dodging
 - Level 1.5 Stealth


You had 6 spell levels left.
You didn't know any spells.
Your spell library was empty.

Inventory:

Hand Weapons
 Y - a +0 shortbow of freezing (weapon)
Armour
 b - a +0 pair of gloves (worn)
 c - a +0 leather armour (worn)
Jewellery
 e - an amulet of the acrobat
 h - a +5 ring of evasion (left hand)
 p - an amulet of faith (around neck)
Scrolls
 d - a scroll of identify
Potions
 a - a potion of mutation
 i - a potion of resistance
 j - 3 potions of curing
 m - a potion of attraction {unknown}
 n - a potion of haste {unknown}
 o - a potion of ambrosia {unknown}

Dungeon Overview and Level Annotations

Branches:
Dungeon (6/15)
 Temple: D:4-7

Altars:
Vehumet
Wu Jian
Yredelemnul
Zin
The Shining One

Annotations:
D:3 1 runed translucent door, Crazy Yiuf


Message History

The wight is heavily damaged.
You shoot an arrow.
The arrow hits the wight but does no damage.
The wight is heavily damaged.
You shoot an arrow. The arrow barely misses the wight.
The wight hits you with a +5 long sword of freezing!
The wight freezes you.
You shoot an arrow. The arrow completely misses the wight.
A wight comes into view. It is wielding a +4 long sword.
The wight closely misses you.
You shoot an arrow.
The arrow hits the wight but does no damage.
The wight is heavily damaged.
The wight closely misses you.
You shoot an arrow.
The arrow hits the wight but does no damage.
The wight is heavily damaged.
The wight closely misses you.
The wight hits you with a +5 long sword of freezing!
The wight freezes you!
You shoot an arrow.
The arrow hits the wight but does no damage.
The wight is heavily damaged.
The wight closely misses you.
The wight hits you with a +5 long sword of freezing!
The wight freezes you.
You shoot an arrow. The arrow hits the wight.
The wight is severely damaged.
The wight misses you. x2
You shoot an arrow. The arrow hits the wight.
The wight is almost destroyed.
The wight hits you from afar with a +1 trident of freezing.
The wight freezes you.
The wight hits you with a +5 long sword of freezing!
The wight freezes you.
4666 ||| READING scroll of teleportation.
As you read the scroll of teleportation, it crumbles to dust.
You feel strangely unstable.
The wight hits you from afar with a +1 trident of freezing.
You die...

...#
.... ...
#). #z#
#z# ##%#
. #z@#
..
###.##.#
#......#
#.<....#
#......#
#......#
.#######
##


You could see 3 wights.

Vanquished Creatures
  3 ice beasts
  An ogre (D:5)
  2 howler monkeys
  2 jellies
  An orc priest (D:4)
  3 iguanas
  4 gnolls (D:3)
  6 adders
  An ufetubus (D:4)
  A worm (D:5)
  6 dart slugs
  13 orcs
  6 endoplasms
  4 giant cockroaches
  6 goblins
  6 hobgoblins
  6 jackals
  4 quokkas
  6 ball pythons
  5 bats
  6 kobolds
  5 rats
97 creatures vanquished.

Notes
Turn   | Place    | Note
-------+----------+-------------------------------------------
     0 | D:1      | qw the Naga Hunter began the quest for the Orb.
     0 | D:1      | Reached XP level 1. HP: 19/19 MP: 1/1
     0 | D:1      | 0 ||| qw: Version: 0.2-a-123-gb51047a
     0 | D:1      | 0 ||| qw: Game counter: 3734
     0 | D:1      | 0 ||| qw: Always use a shield: true
     0 | D:1      | 0 ||| qw: God list: Okawaru
     0 | D:1      | 0 ||| qw: Allow faded altars: false
     0 | D:1      | 0 ||| qw: Do Orc after D:15 true
     0 | D:1      | 0 ||| qw: Do second Lair branch before Depths: true
     0 | D:1      | 0 ||| qw: Lair rune preference: random
     0 | D:1      | 0 ||| qw: Plans: Normal
     0 | D:1      | 0 ||| PLANNING D:1-11
    24 | D:1      | 24 ||| INVOKING Spit Poison.
    52 | D:1      | 52 ||| INVOKING Spit Poison.
    57 | D:1      | 57 ||| INVOKING Spit Poison.
   109 | D:1      | 109 ||| INVOKING Spit Poison.
   110 | D:1      | Reached skill level 4 in Ranged Weapons
   110 | D:1      | Reached XP level 2. HP: 26/26 MP: 2/2
   121 | D:1      | 121 ||| INVOKING Spit Poison.
   127 | D:1      | 127 ||| INVOKING Spit Poison.
   197 | D:1      | 197 ||| INVOKING Spit Poison.
   204 | D:1      | 204 ||| INVOKING Spit Poison.
   276 | D:1      | 276 ||| FLEEEEING.
   284 | D:1      | 284 ||| INVOKING Spit Poison.
   316 | D:1      | 316 ||| INVOKING Spit Poison.
   403 | D:1      | 403 ||| INVOKING Spit Poison.
   543 | D:1      | 543 ||| UPGRADING to amulet of the acrobat.
   548 | D:1      | 548 ||| UPGRADING to +5 ring of evasion.
   549 | D:1      | 549 ||| READING scroll labelled MEUSHRY KORA.
   550 | D:1      | 550 ||| READING scroll labelled CAPLI ONNAOROS.
   555 | D:1      | 555 ||| READING scroll labelled YNAEMO ROAM.
   556 | D:1      | 556 ||| DROPPING scroll of butterflies.
   598 | D:2      | 598 ||| INVOKING Spit Poison.
   599 | D:2      | 599 ||| INVOKING Spit Poison.
   610 | D:2      | 610 ||| INVOKING Spit Poison.
   621 | D:2      | 621 ||| INVOKING Spit Poison.
   622 | D:2      | Reached XP level 3. HP: 32/32 MP: 3/3
   646 | D:2      | 646 ||| INVOKING Spit Poison.
   649 | D:2      | 649 ||| INVOKING Spit Poison.
   654 | D:2      | 654 ||| INVOKING Spit Poison.
   700 | D:2      | 700 ||| INVOKING Spit Poison.
   770 | D:2      | 770 ||| INVOKING Spit Poison.
   824 | D:2      | 824 ||| INVOKING Spit Poison.
  1295 | D:2      | 1295 ||| UPGRADING to +0 pair of gloves.
  1300 | D:2      | 1300 ||| READING scroll labelled ATEZINI CERGHO.
  1301 | D:2      | 1301 ||| READING scroll labelled VIZYMIBEOS.
  1302 | D:2      | 1302 ||| DRINKING 2 metallic red potions.
  1317 | D:3      | 1317 ||| INVOKING Spit Poison.
  1322 | D:3      | 1322 ||| INVOKING Spit Poison.
  1329 | D:3      | 1329 ||| INVOKING Spit Poison.
  1392 | D:3      | Found a faded altar of an unknown god.
  1395 | D:3      | 1395 ||| INVOKING Spit Poison.
  1433 | D:3      | Found a runed translucent door.
  1434 | D:3      | Noticed Crazy Yiuf
  1640 | D:3      | 1640 ||| INVOKING Spit Poison.
  1645 | D:3      | Reached skill level 5 in Ranged Weapons
  1645 | D:3      | Reached XP level 4. HP: 28/39 MP: 4/4
  1645 | D:3      | 1645 ||| INVOKING Spit Poison.
  1648 | D:3      | 1648 ||| INVOKING Spit Poison.
  1702 | D:3      | 1702 ||| INVOKING Spit Poison.
  1752 | D:3      | 1752 ||| INVOKING Spit Poison.
  1915 | D:3      | 1915 ||| INVOKING Spit Poison.
  1917 | D:3      | Reached skill level 3 in Fighting
  1960 | D:3      | 1960 ||| INVOKING Spit Poison.
  2131 | D:3      | 2131 ||| INVOKING Spit Poison.
  2386 | D:4      | Found a glowing silver altar of Zin.
  2399 | D:4      | 2399 ||| INVOKING Spit Poison.
  2406 | D:4      | 2406 ||| INVOKING Spit Poison.
  2412 | D:4      | 2412 ||| INVOKING Spit Poison.
  2414 | D:4      | Reached XP level 5. HP: 32/49 MP: 5/5
  2494 | D:4      | 2494 ||| INVOKING Spit Poison.
  2678 | D:4      | 2678 ||| INVOKING Spit Poison.
  2679 | D:4      | Noticed an ice beast
  2682 | D:4      | 2682 ||| INVOKING Spit Poison.
  2688 | D:4      | 2688 ||| INVOKING Spit Poison.
  2693 | D:4      | 2693 ||| INVOKING Spit Poison.
  2709 | D:4      | Killed an ice beast
  2710 | D:4      | Reached skill level 6 in Ranged Weapons
  2710 | D:4      | Reached XP level 6. HP: 31/56 MP: 6/6
  2840 | D:4      | 2840 ||| INVOKING Spit Poison.
  2841 | D:4      | 2841 ||| INVOKING Spit Poison.
  2847 | D:4      | 2847 ||| INVOKING Spit Poison.
  2879 | D:4      | 2879 ||| INVOKING Spit Poison.
  2898 | D:4      | 2898 ||| INVOKING Spit Poison.
  3069 | D:4      | Found a basalt altar of Yredelemnul.
  3092 | D:4      | 3092 ||| INVOKING Spit Poison.
  3099 | D:4      | 3099 ||| INVOKING Spit Poison.
  3103 | D:4      | 3103 ||| INVOKING Spit Poison.
  3109 | D:4      | 3109 ||| INVOKING Spit Poison.
  3343 | D:4      | 3343 ||| INVOKING Spit Poison.
  3346 | D:4      | 3346 ||| INVOKING Spit Poison.
  3350 | D:4      | 3350 ||| INVOKING Spit Poison.
  3353 | D:4      | 3353 ||| INVOKING Spit Poison.
  3484 | D:4      | 3484 ||| DROPPING scarf of invisibility.
  3485 | D:4      | 3485 ||| UPGRADING to amulet of faith.
  3495 | D:4      | 3495 ||| READING scroll labelled HUWIUD JISSOFE.
  3496 | D:4      | 3496 ||| DRINKING 3 green potions.
  3519 | D:5      | Entered Level 5 of the Dungeon
  3520 | D:5      | Noticed an ice beast
  3522 | D:5      | 3522 ||| INVOKING Spit Poison.
  3532 | D:5      | 3532 ||| STAIRDANCE
  3540 | D:4      | Killed an ice beast
  3541 | D:4      | Reached XP level 7. HP: 41/66 MP: 7/7
  3644 | D:5      | 3644 ||| INVOKING Spit Poison.
  3647 | D:5      | 3647 ||| INVOKING Spit Poison.
  3654 | D:5      | 3654 ||| INVOKING Spit Poison.
  3737 | D:5      | 3737 ||| INVOKING Spit Poison.
  3741 | D:5      | 3741 ||| INVOKING Spit Poison.
  3745 | D:5      | 3745 ||| INVOKING Spit Poison.
  3749 | D:5      | 3749 ||| INVOKING Spit Poison.
  3755 | D:5      | 3755 ||| INVOKING Spit Poison.
  3759 | D:5      | Reached skill level 7 in Ranged Weapons
  3759 | D:5      | 3759 ||| INVOKING Spit Poison.
  3764 | D:5      | 3764 ||| INVOKING Spit Poison.
  3770 | D:5      | 3770 ||| INVOKING Spit Poison.
  3773 | D:5      | 3773 ||| INVOKING Spit Poison.
  3852 | D:5      | Found an ornate altar of the Wu Jian Council.
  3898 | D:5      | 3898 ||| INVOKING Spit Poison.
  3906 | D:5      | 3906 ||| INVOKING Spit Poison.
  3952 | D:5      | Identified the +9 spear of Karma {freeze, rF- rC+ Int+2}
  4013 | D:5      | HP: 3/66 [ice beast (14)]
  4014 | D:5      | 4014 ||| READING scroll of teleportation.
  4378 | D:5      | Found a glowing golden altar of the Shining One.
  4483 | D:5      | Found a radiant altar of Vehumet.
  4491 | D:5      | 4491 ||| INVOKING Spit Poison.
  4494 | D:5      | 4494 ||| INVOKING Spit Poison.
  4499 | D:5      | 4499 ||| INVOKING Spit Poison.
  4621 | D:5      | 4621 ||| READING scroll labelled QUASIAG ZUH POM.
  4622 | D:5      | 4622 ||| READING scroll labelled AWNOTO KUTUSK.
  4623 | D:5      | 4623 ||| DRINKING 3 murky orange potions.
  4624 | D:5      | 4624 ||| READING 3 scrolls of identify.
  4624 | D:5      | 4624 ||| IDENTIFYING silvery potion
  4625 | D:5      | 4625 ||| READING 2 scrolls of identify.
  4625 | D:5      | 4625 ||| IDENTIFYING glowing cyan potion
  4626 | D:5      | 4626 ||| DROPPING potion of degeneration.
  4627 | D:5      | 4627 ||| DROPPING 2 potions of brilliance.
  4647 | D:6      | 4647 ||| INVOKING Spit Poison.
  4652 | D:6      | 4652 ||| INVOKING Spit Poison.
  4665 | D:6      | HP: 6/66 [wight/+5 long sword of freezing (13)]
  4666 | D:6      | 4666 ||| READING scroll of teleportation.
  4666 | D:6      | Slain by a wight

Levels and vault maps discovered:
D:1:      pf_arrival_petrified_forest, layout_loops_ring
D:2:      layout_basic, kennysheep_another_room, st_stairs_5
D:3:      layout_basic, basic_ecumenical_altar, serial_curves, eino_curves_01,
          eino_curves_02, eino_curves_03, eino_curves_03,
          minmay_strange_pillars, dk_noncrumbling_2, uniq_crazy_yiuf_cottage
D:4:      layout_basic, mainiacjoe_overflow_small_starburst,
          overflow_temple_1_default, minmay_vboxes
D:5:      layout_rooms, nicolae_tso_swordbearing_angel, general_overflow_altar,
          nicolae_vehumet_radiance, st_stairs_1, saegor_snake_ambush
D:6:      layout_rooms, minmay_temple_entry_offerings

Skill      XL: |  1  2  3  4  5  6  7 |
---------------+----------------------+-----
Ranged Weapons | 4 5 6 7 |  7.5
Fighting       | 3 4 |  4.7
Dodging        | 2 |  2.2
Stealth        | |  1.5

Action                     |  1- 3 |  4- 6 |  7- 9 || total
---------------------------+-------+-------+-------++-------
   Fire: Shortbow          |    71 |   111 |   101 ||   283
Ability: Spit Poison       |    25 |    28 |    19 ||    72
    Use: Scroll            |     5 |     1 |     6 ||    12
         Potion            |     1 |     1 |     1 ||     3
 Armour: Leather armour    |     2 |    16 |    10 ||    28
  Dodge: Dodged            |    23 |    60 |    46 ||   129

Table legend:
 A = Non-vault XP
 B = Vault XP
 C = Vault XP percentage of total XP
 D = Non-vault monster count
 E = Vault monster count
 F = Vault count percentage of total count
                 A         B        C        D         E       F
            +---------+---------+-------+---------+---------+-------
      Total |     998 |     185 |  15.6 |      82 |      15 |  15.5
            +---------+---------+-------+---------+---------+-------
        D:1 |      30 |       0 |   0.0 |      15 |       0 |   0.0
        D:2 |      20 |       5 |  20.0 |      13 |       3 |  18.8
        D:3 |      97 |       0 |   0.0 |      17 |       0 |   0.0
        D:4 |     322 |     152 |  32.1 |      23 |       6 |  20.7
        D:5 |     464 |      28 |   5.7 |      12 |       6 |  33.3
        D:6 |      65 |       0 |   0.0 |       2 |       0 |   0.0
            +---------+---------+-------+---------+---------+-------
